 Dungeon Crawl Stone Soup version 0.23-a0-182-g58cdd98 (webtiles) character file.

28 galech the Skirmisher (level 3, 29/29 HPs)
             Began as a Demonspawn Fighter on Sept 20, 2018.
             Quit the game on level 1 of the Dungeon.
             The game lasted 00:00:56 (615 turns).

galech the Skirmisher (Demonspawn Fighter)           Turns: 615, Time: 00:00:56

Health: 29/29      AC:  6    Str: 16    XL:     3   Next: 0%
Magic:  3/3        EV:  7    Int:  9    God:
Gold:   61         SH:  8    Dex: 13    Spells: 2/2 levels left

rFire    . . .     SeeInvis .   a - +0 war axe
rCold    . . .     Gourm    .   c - +0 shield
rNeg     . . .     Faith    .   b - +0 scale mail
rPois    .         Spirit   .   (helmet restricted)
rElec    .         Reflect  .   (no cloak)
rCorr    .         Harm     .   (no gloves)
MR       .....                  (no boots)
Stlth    ..........             (no amulet)
HPRegen  0.09/turn              (no ring)
MPRegen  0.08/turn              (no ring)

@: no status effects
A: antennae 1, demonic guardian 1
a: no special abilities


You were on level 1 of the Dungeon.
You were not hungry.

You visited 1 branch of the dungeon, and saw 1 of its levels.

You collected 61 gold pieces.

Inventory:

Hand Weapons
 a - a +0 war axe (weapon)
Armour
 b - a +0 scale mail (worn)
 c - a +0 shield (worn)
Scrolls
 h - a scroll of enchant armour {unknown}
Potions
 d - a potion of might
 e - 2 potions of brilliance {unknown}
 i - 2 potions of degeneration {unknown}
 j - a potion of flight {unknown}
 k - a potion of magic {unknown}
Comestibles
 f - 3 rations


   Skills:
 + Level 3.2 Fighting
 + Level 2.3 Axes
 + Level 2.9 Armour
 + Level 0.4 Dodging
 + Level 2.8 Shields


You had 2 spell levels left.
You didn't know any spells.
Your spell library was empty.

Dungeon Overview and Level Annotations

Branches:
Dungeon (1/15)

Altars:


Innate Abilities, Weirdness & Mutations

You have a pair of small antennae on your head.
A weak demonic guardian rushes to your aid.


Message History

Found a robe.
You see here a robe.
All of the chunks of flesh in your inventory have rotted away.
You now have 61 gold pieces (gained 2).
A rat comes into view.
A rat is nearby!
Found a ration.
You block the rat's attack.
Your shield and scale mail prevent you from hitting the rat.
The rat bites you but does no damage.
You slash the rat!
You kill the rat!
You have reached level 3!
Your experience leads to an increase in your attributes!
Increase (S)trength, (I)ntelligence, or (D)exterity?
You feel agile.
You feel monstrous as your demonic heritage exerts itself.
Your demonic ancestry asserts itself...
A pair of antennae grows on your head!
Are you sure you want to abandon this character and quit the game? (Confirm

#.#.# #.# #.###..##
#.#.###.####.# #..#
#.#..........###..#
#...###.####......#
#.#.##...# #.#.#.##
#######.#########....#
#.....#.........#...#####
#.#############.#.......#
#...#...@....%#.#.#.##...
#.#.#.#########.#.#...)#.
#.#.......#...#.#.####...
###.#####.#.#.#.#........
#...# #.#...#......)#
##.########.#####.#####..
#...............#........
#.######.######.#.#######
#......#.#<.....#.# #


There were no monsters in sight!

Vanquished Creatures
  A leopard gecko (D:1)
  A ball python (D:1)
  5 hobgoblins (D:1)
  4 jackals (D:1)
  3 kobolds (D:1)
  5 bats (D:1)
  2 frilled lizards (D:1)
  4 rats (D:1)
25 creatures vanquished.

Notes
Turn   | Place    | Note
-------+----------+-------------------------------------------
     0 | D:1      | galech the Demonspawn Fighter began the quest for the Orb.
     0 | D:1      | Reached XP level 1. HP: 18/18 MP: 1/1
   168 | D:1      | Gained mutation: A weak demonic guardian rushes to your
                  | aid. [demonic ancestry]
   168 | D:1      | Reached XP level 2. HP: 21/24 MP: 2/2
   614 | D:1      | Gained mutation: You have a pair of small antennae on your
                  | head. [demonic ancestry]
   614 | D:1      | Reached XP level 3. HP: 29/29 MP: 3/3
   615 | D:1      | Quit the game

Vault maps used:
D:1:      onia_arrival_mini_maze, hex_large, minivault_11

Skill      XL: |  1  2 |
---------------+-------+-----
Axes           | 2 |  2.3
Fighting       | |  3.2
Armour         | |  2.9
Dodging        | |  0.4
Shields        | |  2.8

Action                   || total
-------------------------++-------
Melee: War axe           ||    85
Armor: Scale mail        ||    60
Dodge: Dodged            ||    20
Block: Shield            ||    42

Table legend:
 A = Non-vault XP
 B = Vault XP
 C = Vault XP percentage of total XP
 D = Non-vault monster count
 E = Vault monster count
 F = Vault count percentage of total count
                 A         B        C        D         E       F
            +---------+---------+-------+---------+---------+-------
      Total |      40 |       1 |   2.4 |      24 |       1 |   4.0
            +---------+---------+-------+---------+---------+-------
        D:1 |      40 |       1 |   2.4 |      24 |       1 |   4.0
            +---------+---------+-------+---------+---------+-------
